 Dungeon Crawl Stone Soup version 0.14-a0-1590-g25a9b7f (webtiles) character file.

71 Piginabag the Bolt Thrower (level 4, -5/30 HPs)
             Began as a Formicid Hunter on Dec 24, 2013.
             Slain by Sigmund
             ... wielding a +1,+0 scythe of protection
              (6 damage)
             ... on Level 2 of the Dungeon.
             The game lasted 00:01:38 (729 turns).

Piginabag the Bolt Thrower (Formicid Hunter)         Turns: 729, Time: 00:01:38

HP  -5/30        AC  4     Str 18      XL: 4   Next:  0%
MP   4/4         EV 11     Int 10      God:
Gold 31          SH  0     Dex 11      Spells:  0 memorised,  3 levels left

rFire  . . .     SeeInvis +     b - +1 crossbow
rCold  . . .     Clarity  .     d - +0 leather armour
rNeg   . . .     Conserve .     (no shield)
rPois  x         rCorr    .     (helmet unavailable)
rElec  .         rRot     .     (no cloak)
SustAb . .       Spirit   .     (no gloves)
rMut   .         Warding  .     (no boots)
Saprov . . .     Stasis   +     (no amulet)
                                (no ring)
                                (no ring)

@: slightly resistant to hostile enchantments, unstealthy
A: permanent stasis, dig shafts and tunnels, four strong arms, poison weakness,
antennae 3, exoskeleton 1
a: Dig, Shaft Self


You were on level 2 of the Dungeon.
You were not hungry.

You visited 1 branch of the dungeon, and saw 2 of its levels.

You collected 31 gold pieces.

Inventory:

Hand weapons
 a - a +0,+0 short sword
 b - a +1,+1 crossbow (weapon)
Missiles
 c - 28 bolts (quivered)
Armour
 d - a +0 leather armour (worn)
Comestibles
 f - a bread ration
 j - a rotting chunk of giant newt flesh
Scrolls
 g - a scroll of remove curse {unknown}
 h - 4 scrolls of teleportation {unknown}
 i - a scroll of enchant armour {unknown}
Potions
 e - a potion of heal wounds {unknown}


   Skills:
 + Level 1.0 Fighting
 + Level 5.1 Crossbows
 + Level 2.0 Dodging
 + Level 1.2 Stealth


You had 3 spell levels left.
You didn't know any spells.

Dungeon Overview and Level Annotations

Branches:
Dungeon (2/16)

Altars:
Ashenzari

Annotations:
D:2 Sigmund


Innate Abilities, Weirdness & Mutations

Your are under a permanent stasis effect.
You can dig through walls and to a lower floor.
Your four strong arms can wield any weapon, most with a shield.
You are susceptible to poison.
You have a pair of large antennae on your head (SInv).
Your body is surrounded by an exoskeleton. (HP +5, AC +1)


Message History

* * * LOW HITPOINT WARNING * * *
Sigmund gestures at you while chanting. The puff of flame hits you!
* * * LOW HITPOINT WARNING * * *
The adder misses you.
Sigmund hits you from afar with a glowing scythe.
* * * LOW HITPOINT WARNING * * *
Firing (i - inventory):
c - 30 bolts (quivered)
Press: ? - help, Shift-Dir - straight line, f/p - Sigmund
Aim: Sigmund, wielding a glowing scythe and wearing a robe (heavily wounded, slightly transparent)
You shoot a bolt. The bolt hits Sigmund.
Sigmund is heavily wounded.
The adder bites you but does no damage. The adder closely misses you.
Firing (i - inventory):
c - 29 bolts (quivered)
Press: ? - help, Shift-Dir - straight line, f/p - Sigmund
Aim: Sigmund, wielding a glowing scythe and wearing a robe (heavily wounded, slightly transparent)
You shoot a bolt. The bolt hits Sigmund.
Sigmund is severely wounded.
Sigmund hits you from afar with a glowing scythe.
You die...

........%...#
######.#.##.# .#
##.#.##.# .#
#....##.# .#
#.)..##.# #.###
#....##.# ....#
#....##.# ....#
#######.####S...#
............@....#
#######.####....#
#.# @...# #.#
....# #.# #####
... ... ... .


You could see Sigmund (invisible) and an adder.

Vanquished Creatures
  2 adders (D:2)
  7 bats
  A giant cockroach (D:1)
  3 goblins
  3 hobgoblins (D:1)
  2 giant newts (D:1)
  5 kobolds (D:1)
  A rat (D:1)
24 creatures vanquished.

Notes
Turn   | Place    | Note
--------------------------------------------------------------
     0 | D:1      | Piginabag, the Formicid Hunter, began the quest for the Orb.
     0 | D:1      | Reached XP level 1. HP: 17/17 MP: 1/1
   111 | D:1      | Reached XP level 2. HP: 21/21 MP: 2/2
   359 | D:1      | Reached XP level 3. HP: 25/25 MP: 3/3
   385 | D:1      | Found a shattered altar of Ashenzari.
   679 | D:2      | Reached skill level 5 in Crossbows
   694 | D:2      | Reached XP level 4. HP: 26/30 MP: 4/4
   722 | D:2      | Noticed Sigmund
   727 | D:2      | HP: 1/30 [Sigmund/glowing scythe (1)]
   729 | D:2      | Slain by Sigmund

Action                   |  1- 3 |  4- 6 || total
-------------------------+-------+-------++-------
 Fire: Crossbow          |    42 |     7 ||    49
